 Dungeon Crawl Stone Soup version 0.30-a0-956-gcec3b41aec (webtiles) character file.

Game seed: 9011746644177210169

3 Monkooky the Charlatan (level 1, -2/9 HPs)
             Began as a Spriggan Artificer on Mar 29, 2023.
             Slain by a worm (5 damage)
             ... on level 2 of the Dungeon.
             The game lasted 00:01:20 (341 turns).

Monkooky the Charlatan (Spriggan Artificer)          Turns: 341, Time: 00:01:21

Health: -2/9       AC:  2    Str:  8    XL:     1   Next: 41%
Magic:  2/2        EV: 17    Int: 12    God:
Gold:   21         SH:  0    Dex: 15    Spells: 0/0 levels left

rFire   . . .      SeeInvis +    h - +0 dagger
rCold   . . .      Faith    .    (no shield)
rNeg    . . .      Spirit   .    b - +0 robe
rPois   .          Reflect  .    (helmet restricted)
rElec   .          Rampage  .    (no cloak)
rCorr   .                        (gloves unavailable)
Will    .....                    (boots unavailable)
Stlth   ++                       (no amulet)
HPRegen 0.21/turn                (no ring)
MPRegen 0.08/turn                (no ring)

@: very quick
A: very small, no large weapons, unfitting armour, see invisible, speed 3
a: no special abilities


You were on level 2 of the Dungeon.
You visited 1 branch of the dungeon, and saw 2 of its levels.

You collected 21 gold pieces.

Inventory:

Hand Weapons
 h - a +0 dagger (weapon)
Armour
 b - a +0 robe (worn)
Jewellery
 k - a ring of ice
Wands
 c - a wand of flame (15) (quivered)
 d - a wand of charming (15)
 e - a wand of iceblast (5)
Scrolls
 f - a scroll of identify {unknown}
 g - a scroll of vulnerability {unknown}
 i - a scroll of torment {unknown}
 j - a scroll of blinking {unknown}
Potions
 l - a potion of haste {unknown}


   Skills:
 - Level 0.7 Fighting
 + Level 1.0 Short Blades
 - Level 3.2 Dodging
 - Level 1.5 Stealth
 - Level 4.0 Evocations


You couldn't memorise any spells.
You didn't know any spells.
Your spell library was empty.

Dungeon Overview and Level Annotations

Branches:
Dungeon (2/15)

Altars:

Annotations:
D:2 1 exclusion


Innate Abilities, Weirdness & Mutations

You are very small and have problems with some larger weapons.
You are too small for most types of armour.
You have supernaturally acute eyesight. (SInv)
You cover ground extremely quickly. (Speed+++)


Message History

You hit the giant cockroach but do no damage.
The giant cockroach misses you.
You barely miss the giant cockroach. The giant cockroach bites you.
You hit the giant cockroach but do no damage.
The giant cockroach misses you.
You closely miss the giant cockroach.
The giant cockroach closely misses you. x2
You hit the giant cockroach but do no damage.
The giant cockroach bites you but does no damage.
You hit the giant cockroach but do no damage.
The giant cockroach bites you.
You hit the giant cockroach.
The giant cockroach is moderately wounded.
The giant cockroach barely misses you.
You hit the giant cockroach.
The giant cockroach is severely wounded.
The giant cockroach misses you.
You hit the giant cockroach but do no damage.
The giant cockroach is severely wounded.
The giant cockroach completely misses you.
You closely miss the giant cockroach.
The giant cockroach is severely wounded.
The giant cockroach closely misses you. The giant cockroach barely misses you.
You hit the giant cockroach but do no damage.
The giant cockroach is severely wounded.
The giant cockroach barely misses you.
You hit the giant cockroach but do no damage.
You punch the giant cockroach, but do no damage.
The giant cockroach is severely wounded.
The worm bites you. The giant cockroach barely misses you.
You hit the giant cockroach but do no damage.
The giant cockroach is severely wounded.
The giant cockroach barely misses you.
You closely miss the giant cockroach.
The giant cockroach is severely wounded.
The giant cockroach bites you. The worm closely misses you.
You barely miss the giant cockroach.
The giant cockroach is severely wounded.
The giant cockroach barely misses you. The worm bites you.
Ouch! That really hurt!
You die...

...## ...## .... ...#
#..## ### #...
.>...#####.# #...B@w..#
###########.# #.J......#
#.# #. #w# #.# #. #.# #.#
#. #####.###.## #.
#..........########
#.##.###.###w.†......#####
#.......>##...######......


You could see a worm and a giant cockroach.

Vanquished Creatures
  A giant cockroach (D:2)
  A kobold (D:2)
  2 rats (D:2)
4 creatures vanquished.

Notes
Turn   | Place    | Note
-------+----------+-------------------------------------------
     0 | D:1      | Monkooky the Spriggan Artificer began the quest for the
                  | Orb.
     0 | D:1      | Reached XP level 1. HP: 9/9 MP: 2/2
    73 | D:1      | You fall into a shaft and drop 1 floor!
   286 | D:2      | Reached skill level 1 in Short Blades
   341 | D:2      | Slain by a worm

Illustrated notes

Levels and vault maps discovered:
D:1:      denvon_arrival_planthouse, layout_rooms,
          shapermc_ecumenical_altar_venn, nicolae_grassy_gnolls
D:2:      cheibrodos_old_hovel, layout_loops_corners,
          ebering_dispersal_statue_hall

Skill      XL: |  1 |
---------------+----+-----
Short Blades   | 1 |  1.0
Fighting       | |  0.7
Dodging        | |  3.2
Stealth        | |  1.5
Evocations     | |  4.0

Action                     || total
---------------------------++-------
  Melee: Dagger            ||    51
         Punch             ||     1
   Stab: Sleeping          ||     1
 Armour: Robe              ||     6
  Dodge: Dodged            ||    39

Table legend: (Time is in decaauts)
 A = Elapsed time spent in this place.
 B = Non-inter-level travel time spent in this place.
 C = Inter-level travel time spent in this place.
 D = Time resting spent in this place.
 E = Time spent auto-exploring this place.
 F = Levels seen in this place.
 G = Mean time per level.
                   A        B        C        D        E       F      G
               +--------+--------+--------+--------+--------+-----+--------+
         Total |    231 |    231 |      0 |      0 |     76 |   2 |  115.5 |
       Dungeon |    231 |    231 |      0 |      0 |     76 |   2 |  115.5 |
               +--------+--------+--------+--------+--------+-----+--------+

Top non-repeatable levels by time:
     D:2: 185 daAuts
     D:1: 46 daAuts
